 Seeded DCSS version 0.29-a0-207-gf982a884d8 (webtiles) character file.

Game seed: 112659713216759503 (custom seed)

160 innerfire433 the Skirmisher (level 5, 0/42 HPs)
             Began as a Demonspawn Monk on Feb 23, 2022.
             Was a Priest of Makhleb.
             Slain by a water moccasin (1 damage)
             ... on level 3 of the Dungeon.
             The game lasted 00:07:50 (2318 turns).

innerfire433 the Skirmisher (Demonspawn Monk)       Turns: 2318, Time: 00:07:50

Health: 0/42       AC:  6    Str: 20    XL:     5   Next: 17%
Magic:  6/6        EV: 12    Int: 11    God:    Makhleb [***...]
Gold:   112        SH:  0    Dex: 15    Spells: 4/4 levels left

rFire   . . .      SeeInvis .   g - +3 hand axe (elec)
rCold   . . .      Faith    .   (no shield)
rNeg    . . .      Spirit   .   i - +0 ring mail
rPois   .          Reflect  .   (no helmet)
rElec   .          Harm     .   k - +0 cloak
rCorr   .          Rampage  .   (no gloves)
Will    +....                   (no boots)
Stlth   +.........              (no amulet)
HPRegen 0.14/turn               l - +6 ring of strength
MPRegen 0.20/turn               (no ring)

@: lethally poisoned (0 -> -4)
A: magic regeneration, demonic magic 1, demonic touch 1, strong-willed 1,
devolution 1
a: Renounce Religion, Minor Destruction, Lesser Servant of Makhleb


You were on level 3 of the Dungeon.
You worshipped Makhleb.
Makhleb was most pleased with you.
You visited 1 branch of the dungeon, and saw 3 of its levels.

You collected 112 gold pieces.

Inventory:

Hand Weapons
 a - a +0 mace
 g - a +3 hand axe of electrocution (weapon)
 q - a +2 quarterstaff of chaos
Armour
 b - a +0 robe
 f - a +0 scale mail
 i - a +0 ring mail (worn)
 k - a +0 cloak (worn)
Jewellery
 l - a +6 ring of strength (left hand)
 o - the amulet "Vewifiq" {Spirit rF+ rC+ Dex-2}
   (You found it on level 2 of the Dungeon)

   [amulet of guardian spirit]

   It causes incoming damage to be divided between your reserves of health and
   magic.
   Dex:       It affects your dexterity (-2).
   rF:        It protects you from fire.
   rC:        It protects you from cold.
Scrolls
 d - a scroll of vulnerability
Potions
 e - a potion of berserk rage {unknown}
 h - 3 potions of flight {unknown}
 p - 2 potions of curing {unknown}


   Skills:
 + Level 3.7 Fighting
 * Level 1.7(2.7) Axes
 - Level 3.1(3.3) Maces & Flails
 * Level 3.6 Dodging
 - Level 2.2 Stealth
 * Level 1.8 Invocations


You had 4 spell levels left.
You didn't know any spells.
Your spell library contained the following spells:

 Spells                   Type           Power      Damage    Failure   Level
 Inner Flame              Hex/Fire       0%         N/A       88%         3
 Ozocubu's Armour         Ice            0%         N/A       88%         3
 Cause Fear               Hex            0%         N/A       99%         4
 Ozocubu's Refrigeration  Ice            0%         4d5       100%        7
 Discord                  Hex            0%         N/A       100%        8


Dungeon Overview and Level Annotations

Branches:
Dungeon (3/15)

Altars:
Cheibriados
Makhleb


Innate Abilities, Weirdness & Mutations

You regenerate magic rapidly.
Spells you cast may paralyse adjacent enemies.
Your touch may inflict minor irresistible damage on your foes.
You are strong-willed. (Will+)
You have hidden genetic defects.


Message History

You barely miss the water moccasin.
The water moccasin bites you but does no damage.
The water moccasin bites you.
You closely miss the water moccasin. The water moccasin bites you!
You closely miss the water moccasin. The water moccasin bites you.
The water moccasin misses you.
You closely miss the water moccasin.
You touch the water moccasin.
The water moccasin is lightly wounded.
The water moccasin closely misses you. x2
You hit the water moccasin.
The water moccasin is lightly wounded.
The water moccasin bites you.
You hit the water moccasin.
The water moccasin is moderately wounded.
The water moccasin bites you.
You are poisoned.
The water moccasin poisons you! The water moccasin closely misses you.
You hit the water moccasin.
You touch the water moccasin.
The water moccasin is heavily wounded.
You feel very sick.
The water moccasin completely misses you.
The water moccasin bites you.
* * * LOW HITPOINT WARNING * * *
You hit the water moccasin.
You touch the water moccasin.
Your punch misses the water moccasin.
The water moccasin is severely wounded.
You feel sick. The water moccasin bites you.
* * * LOW HITPOINT WARNING * * *
It was a potion of magic.
Magic courses through your body.
* * * LOW HITPOINT WARNING * * *
You feel sick. The water moccasin closely misses you.
The water moccasin bites you.
* * * LOW HITPOINT WARNING * * *
Okay, then.
It was a potion of mutation.
You feel extremely strange.
You feel a hidden malignance growing inside you.
You feel strong-willed.
* * * LOW HITPOINT WARNING * * *
You feel sick. The water moccasin bites you.
You die...

..........#..........#....
...........>.#.#.....##...
...............#......####
..........##............
........................
........................
....#.<..............##
....#.................#.
................@S......
.......#...#............
###.#.#...#............
.....#...#............
#.#...#...#............
#.#.. #...#..$....##### ..
#...#.......#
#...#.......#
#...#.......#


You could see a water moccasin.

Vanquished Creatures
  Crazy Yiuf (D:2)
  An iron imp (D:3)
  An orc wizard (D:3)
  An adder (D:2)
  A worm (D:3)
  3 dart slugs (D:2)
  6 orcs (D:3)
  5 bats
  6 endoplasms (D:1)
  3 giant cockroaches
  4 goblins
  2 hobgoblins
  3 jackals (D:1)
  9 ball pythons
  3 frilled lizards
  3 kobolds
  9 rats
61 creatures vanquished.

Vanquished Creatures (others)
  A fungus (D:2)
  2 plants (D:2)
3 creatures vanquished.

Grand Total: 64 creatures vanquished

Notes
Turn   | Place    | Note
-------+----------+-------------------------------------------
     0 | D:1      | innerfire433 the Demonspawn Monk began the quest for the
                  | Orb.
     0 | D:1      | Reached XP level 1. HP: 18/18 MP: 1/1
   251 | D:1      | Gained mutation: Your touch may inflict minor irresistible
                  | damage on your foes. [demonic ancestry]
   251 | D:1      | Reached XP level 2. HP: 19/24 MP: 2/2
  1033 | D:1      | Gained mutation: You regenerate magic rapidly. [demonic
                  | ancestry]
  1033 | D:1      | Reached XP level 3. HP: 27/29 MP: 3/3
  1380 | D:2      | Identified the amulet "Vewifiq" {Spirit rF+ rC+ Dex-2}
  1424 | D:2      | Found a runed translucent door.
  1425 | D:2      | Noticed Crazy Yiuf
  1436 | D:2      | Killed Crazy Yiuf
  1494 | D:2      | Reached skill level 1 in Axes
  1564 | D:2      | Reached XP level 4. HP: 35/35 MP: 4/4
  1641 | D:2      | Found a faded altar of an unknown god.
  1658 | D:2      | Prayed at the altar of an unknown god.
  1658 | D:2      | Became a worshipper of Makhleb the Destroyer
  1658 | D:2      | Reached * piety under Makhleb
  1658 | D:2      | Reached ** piety under Makhleb
  2082 | D:3      | Reached *** piety under Makhleb
  2091 | D:3      | Reached skill level 1 in Invocations
  2091 | D:3      | Found a snail-covered altar of Cheibriados.
  2156 | D:3      | Gained mutation: Spells you cast may paralyse adjacent
                  | enemies. [demonic ancestry]
  2156 | D:3      | Reached XP level 5. HP: 35/42 MP: 6/6
  2304 | D:3      | Noticed a water moccasin
  2317 | D:3      | HP: 2/42 [water moccasin (4)]
  2318 | D:3      | Gained mutation: You have hidden genetic defects. [potion
                  | of mutation]
  2318 | D:3      | Gained mutation: You are strong-willed. (Will+) [potion of
                  | mutation]
  2318 | D:3      | Slain by a water moccasin

Illustrated notes

Levels and vault maps discovered:
D:1:      wander_arrival_fairy_ring, layout_basic
D:2:      layout_rooms, shapermc_ecumenical_altar_mp_urbaneastern,
          uniq_crazy_yiuf_cottage
D:3:      layout_rooms, lemuel_blue_sif_altar, slow_altar_1,
          ebering_ghost_sewer_f, grunt_ministairs_10, kennysheep_donut

Skill      XL: |  1  2  3  4 |
---------------+-------------+-----
Stealth        | 2 |  2.2
Dodging        | 3 |  3.6
Maces & Flails | 3 |  3.1
Axes           | 1 |  1.7
Invocations    | 1 |  1.8
Fighting       | |  3.7

Action                   |  1- 3 |  4- 6 || total
-------------------------+-------+-------++-------
Melee: Mace              |    51 |       ||    51
       Hand axe          |    32 |    65 ||    97
       Touch             |     8 |    19 ||    27
       Punch             |       |     2 ||     2
  Use: Scroll            |     2 |     3 ||     5
       Potion            |     1 |     3 ||     4
 Stab: Sleeping          |     7 |     2 ||     9
Armor: Robe              |    21 |     1 ||    22
       Ring mail         |       |    15 ||    15
Dodge: Dodged            |    58 |    47 ||   105

Table legend: (Time is in decaauts)
 A = Elapsed time spent in this place.
 B = Non-inter-level travel time spent in this place.
 C = Inter-level travel time spent in this place.
 D = Time resting spent in this place.
 E = Time spent auto-exploring this place.
 F = Levels seen in this place.
 G = Mean time per level.
                   A        B        C        D        E       F      G
               +--------+--------+--------+--------+--------+-----+--------+
         Total |   2348 |   2324 |     24 |      0 |   1653 |   3 |  782.7 |
       Dungeon |   2348 |   2324 |     24 |      0 |   1653 |   3 |  782.7 |
               +--------+--------+--------+--------+--------+-----+--------+

Top non-repeatable levels by time:
     D:1: 1281 daAuts
     D:2: 817 daAuts
     D:3: 249 daAuts
